 Dungeon Crawl Stone Soup version 0.20.0-15-g7f486f2 (webtiles) character file.

294 Chiseanne the Magician (level 6, 19/41 HPs)
             Began as a Demonspawn Wizard on June 14, 2017.
             Quit the game on level 4 of the Dungeon.
             The game lasted 00:06:52 (4249 turns).

Chiseanne the Magician (Demonspawn Wizard)          Turns: 4249, Time: 00:06:52

Health: 19/41      AC:  7    Str:  7    XL:     6   Next: 11%
Magic:  1/13       EV: 12    Int: 21    God:
Gold:   137        SH:  0    Dex: 12    Spells: 3/14 levels left

rFire    + + .     SeeInvis .   s - +2 quarterstaff (chaos)
rCold    . . .     Gourm    .   (shield currently unavailable)
rNeg     . . .     Faith    .   y - +0 robe
rPois    .         Spirit   .   b - +0 hat
rElec    .         Reflect  .   j - +0 cloak
rCorr    .         Harm     .   (no gloves)
MR       .....                  (no boots)
Stlth    ++........             (no amulet)
Regen    0.2/turn               p - ring of protection from fire
MPRegen  0.2/turn               (no ring)

@: no status effects
A: horns 1, molten scales 3, rot immunity
a: no special abilities


You were on level 4 of the Dungeon.
You were not hungry.

You visited 1 branch of the dungeon, and saw 4 of its levels.

You collected 137 gold pieces.

Inventory:

Hand Weapons
 a - a +1 dagger of speed
 s - a +2 quarterstaff of chaos (weapon)
Missiles
 e - 20 sling bullets
 q - 31 poisoned needles
 w - 23 arrows
 x - 20 bolts
Armour
 b - a +0 hat (worn)
 j - a +0 cloak (worn)
 y - a +0 robe (worn)
Jewellery
 p - a ring of protection from fire (left hand)
Wands
 v - a wand of iceblast (5/15)
Scrolls
 l - 2 scrolls of teleportation
 m - 2 scrolls of blinking
 u - 2 scrolls of remove curse
Potions
 f - a potion of agility
 h - a potion of curing
 k - 2 potions of flight {unknown}
 n - a potion of heal wounds {unknown}
Books
 c - a book of Conjurations

   Spells                             Type                      Level
   a - Magic Dart                     Conjuration                  1
   b - Searing Ray                    Conjuration                  2
   c - Dazzling Spray                 Conjuration/Hexes            3
   d - Fulminant Prism                Conjuration/Hexes            4
   e - Force Lance                    Conjuration/Translocation    4
   f - Iskenderun's Mystic Blast      Conjuration                  4
Comestibles
 d - 2 bread rations
 g - 3 royal jellies
 i - 5 meat rations
 o - 2 fruits


   Skills:
 - Level 1.7 Dodging
 - Level 1.7 Stealth
 * Level 4.8 Spellcasting
 * Level 4.5 Conjurations
   Level 1.0 Summonings
 - Level 0.8 Translocations


You had 3 spell levels left.
You knew the following spells:

 Your Spells              Type           Power        Failure   Level  Hunger
a - Magic Dart            Conj           ###.         1%          1    None
b - Searing Ray           Conj           ###...       2%          2    None
c - Conjure Flame         Conj/Fire      ##......     13%         3    ##.....
d - Mephitic Cloud        Conj/Pois/Air  ##......     19%         3    ##.....
e - Blink                 Tloc           N/A          12%         2    None


Dungeon Overview and Level Annotations

Branches:
Dungeon (4/15)
 Temple: D:4-7

Altars:


Innate Abilities, Weirdness & Mutations

You have a pair of small horns on your head.
You are completely covered in molten scales. (AC +4, rF+)
You are immune to rotting.


Message History

The searing ray hits the ogre.
The ogre is severely wounded.
The searing ray hits the ogre.
The ogre is almost dead.
You finish channeling your searing ray.
The ogre hits you with a giant club!!
Ouch! That really hurt!
Casting: Searing Ray
Confirm with . or Enter, or press ? or * to list all spells.
Aiming: Searing Ray
Press: ? - help, Shift-Dir - straight line, f/p - ogre
Aim: an ogre, wielding a giant club (almost dead)
The searing ray hits the ogre.
You kill the ogre!
You have reached level 6!
Your experience leads to an increase in your attributes!
Increase (S)trength, (I)ntelligence, or (D)exterity?
You feel clever.
Your demonic ancestry asserts itself...
A pair of horns grows on your head! (Press . to maintain the ray.) Are you sure you want to abandon this character and quit the game? (Confirm with "yes".)

##########..........
#...................
#.########.#.....## #.#
#.#.###.## #
###.########........#.#
...............###..#.##
###..................... # #
#.#########.....#.#####.#...
###.# .......@)............
..#.# ##......#..#.....†...
#.#.# #.#.......#.###.#.##
#.#.# #.#.#######.# # #.#.#
#... %.# ..# ###. #... ###
.#.# ..... .##..


There were no monsters in sight!

Vanquished Creatures
  An ogre (D:4)
  Crazy Yiuf (D:3)
  3 orc priests (D:3)
  An adder (D:3)
  2 oozes (D:2)
  3 worms
  A dart slug (D:2)
  A leopard gecko (D:4)
  6 orcs (D:3)
  4 bats
  12 hobgoblins
  6 jackals
  2 quokkas
  5 frilled lizards
  5 goblins
  5 kobolds (D:1)
  8 rats
66 creatures vanquished.

Notes
Turn   | Place    | Note
-------+----------+-------------------------------------------
     0 | D:1      | Chiseanne the Demonspawn Wizard began the quest for the Orb.
     0 | D:1      | Reached XP level 1. HP: 13/13 MP: 4/4
   523 | D:1      | Gained mutation: You are partially covered in molten scales. (AC +2) [demonic ancestry]
   523 | D:1      | Reached XP level 2. HP: 19/19 MP: 1/6
  1362 | D:1      | Gained mutation: You are immune to rotting. [demonic ancestry]
  1362 | D:1      | Reached XP level 3. HP: 23/24 MP: 6/8
  1822 | D:2      | Learned a level 2 spell: Blink
  1826 | D:2      | Learned a level 3 spell: Conjure Flame
  1830 | D:2      | Learned a level 3 spell: Mephitic Cloud
  2860 | D:3      | Gained mutation: You are mostly covered in molten scales. (AC +3) [demonic ancestry]
  2860 | D:3      | Reached XP level 4. HP: 30/30 MP: 5/9
  3318 | D:3      | Found a runed door.
  3840 | D:3      | Gained mutation: You are completely covered in molten scales. (AC +4, rF+) [demonic ancestry]
  3840 | D:3      | Reached XP level 5. HP: 35/35 MP: 2/11
  3999 | D:3      | Noticed Crazy Yiuf
  4015 | D:3      | Killed Crazy Yiuf
  4146 | D:4      | Learned a level 2 spell: Searing Ray
  4231 | D:4      | Noticed an ogre
  4248 | D:4      | Killed an ogre
  4248 | D:4      | Gained mutation: You have a pair of small horns on your head. [demonic ancestry]
  4248 | D:4      | Reached XP level 6. HP: 19/41 MP: 1/13
  4249 | D:4      | Quit the game

Skill      XL: |  1  2  3  4  5 |
---------------+----------------+-----
Conjurations   | 2 3 4 |  4.5
Spellcasting   | 4 |  4.8
Dodging        | |  1.7
Stealth        | |  1.7
Summonings     | |  1.0
Translocations | |  0.8

Action                   |  1- 3 |  4- 6 || total
-------------------------+-------+-------++-------
Melee: Whip              |    14 |       ||    14
       Unarmed           |     1 |       ||     1
       Short sword       |    23 |    10 ||    33
       Dagger            |       |     9 ||     9
 Cast: Magic Dart        |   117 |    64 ||   181
       Mephitic Cloud    |       |     5 ||     5
       Searing Ray       |       |     2 ||     2
Evoke: Wand              |       |     1 ||     1
  Use: Scroll            |     7 |     2 ||     9
 Stab: Confused          |       |     2 ||     2
  Eat: Chunk             |     5 |     5 ||    10
Armor: Robe              |    19 |     5 ||    24
Dodge: Dodged            |    52 |     9 ||    61
